[Event "ICC tourney 2500 (45 10)"]
[Site "Internet Chess Club"]
[Date "2021.04.10"]
[Round "5"]
[White "YUAN, SERENA:doudou2011"]
[Black "Sun, Ethan:ethansun188"]
[Result "0-1"]
[ICCResult "White resigns"]
[WhiteElo "1493"]
[BlackElo "1456"]
[Opening "King's Indian: fianchetto, classical variation, 8.e4"]
[ECO "E68"]
[NIC "KI.64"]
[Time "21:04:41"]
[PlyCount "70"]
[TimeControl "2700+10"]

1. d4 Nf6 2. Nf3 g6 3. g3 Bg7 4. Bg2 d6 5. O-O O-O 6. c4 Nbd7 7. Nc3 e5 8.
e4 Ne8 9. d5 f5 10. Ng5 Nb6 11. Ne6 Bxe6 12. dxe6 Qe7 13. exf5 gxf5 14.
Bxb7 Rb8 15. Bg2 Qxe6 16. Na4 Qg6 17. Nxb6 axb6 18. Qd5+ Kh8 19. Bd2 Nf6
20. Qd3 e4 21. Qe2 Rbe8 22. Qd1 d5 23. cxd5 Nxd5 24. Qb3 c6 25. Rac1 f4 26.
Rce1 f3 27. Bh1 Bd4 28. Be3 Nxe3 29. fxe3 Be5 30. Kf2 Qh5 31. Kg1 Qh3 32.
Rf2 Rg8 33. Qf7 Ref8 34. Qe7 Bxg3 35. hxg3 Rxg3+ { White resigns } 0-1

[Event "ICC tourney 2500 (45 10)"]
[Site "Internet Chess Club"]
[Date "2021.04.10"]
[Round "5"]
[White "JIN, DAVID:smartgoldfish"]
[Black "ZHANG, SUNNY:AboardBuffalo"]
[Result "0-1"]
[ICCResult "White checkmated"]
[WhiteElo "1330"]
[BlackElo "1669"]
[Opening "Scotch gambit: Dubois-Réti defense"]
[ECO "C55"]
[NIC "KP.02"]
[Time "21:04:34"]
[PlyCount "120"]
[TimeControl "2700+10"]

1. e4 e5 2. Nf3 Nc6 3. d4 exd4 4. Bc4 Nf6 5. e5 d5 6. Bb5 Ne4 7. Nxd4 Bd7
8. Bxc6 bxc6 9. O-O Bc5 10. c3 O-O 11. Be3 Bb6 12. a4 a5 13. Nd2 Nxd2 14.
Qxd2 Qe7 15. f4 c5 16. Ne2 Bc6 17. Ng3 Rfd8 18. Qc2 Qd7 19. f5 d4 20. Rfd1
d3 21. Qf2 Bxa4 22. e6 Qc6 23. Rd2 Bb5 24. exf7+ Kxf7 25. Qf4 c4 26. Bxb6
cxb6 27. Ne4 Kg8 28. f6 Rf8 29. Qg5 g6 30. Re1 Rf7 31. Qh6 Re8 32. Qf4 Kh8
33. h3 Qe6 34. Kh2 Qe5 35. Qxe5 Rxe5 36. Rdd1 Rf8 37. Kg3 Ba4 38. Rd2 Bc6
39. Kf4 Rxe4+ 40. Rxe4 Bxe4 41. Kxe4 Rxf6 42. Kd5 b5 43. Kc5 Rf5+ 44. Kd4
Kg7 45. Ke4 Kf6 46. Kd4 Ke6 47. Ke4 b4 48. cxb4 axb4 49. Kd4 Rf4+ 50. Ke3
Ke5 51. Rd1 Re4+ 52. Kd2 Re2+ 53. Kc1 Rxg2 54. Kb1 Kd4 55. Ka1 c3 56. h4 c2
57. Rc1 d2 58. h5 dxc1=Q+ 59. Ka2 Rg3 60. h6 Qb1# { White checkmated } 0-1

[Event "ICC tourney 2500 (45 10)"]
[Site "Internet Chess Club"]
[Date "2021.04.10"]
[Round "5"]
[White "VISHWA, SUSHEEL:sushivishwa"]
[Black "WU, JONATHAN ZUANXU:wulovechess"]
[Result "0-1"]
[ICCResult "White checkmated"]
[WhiteElo "1738"]
[BlackElo "1511"]
[Opening "Giuoco Piano: four knights variation"]
[ECO "C42"]
[NIC "RG.01"]
[Time "21:04:33"]
[PlyCount "102"]
[TimeControl "2700+10"]

1. e4 e5 2. Nf3 Nf6 3. Nc3 Bc5 4. Bc4 Nc6 5. a3 d6 6. d3 Bg4 7. h3 Bh5 8.
g4 Nxg4 9. hxg4 Bxg4 10. Rg1 h5 11. Bb5 O-O 12. Bxc6 bxc6 13. Rg3 f5 14.
exf5 Rxf5 15. Ne4 Rxf3 16. Rxf3 Qh4 17. Kd2 Bxf3 18. Qxf3 Rf8 19. Qg3 Rxf2+
20. Kc3 Bd4+ 21. Kb3 Qxg3 22. Nxg3 h4 23. Ne4 Rf1 24. Ka2 h3 25. Bd2 Rxa1+
26. Kxa1 h2 27. Ng3 Bf2 28. Nh1 Bg1 29. Kb1 Kf7 30. Kc1 Kg6 31. Kd1 Kf5 32.
Ke2 Kg4 33. Kf1 Kf3 34. Bg5 Be3 35. Bh4 g5 36. Bg3 Bf4 37. Bf2 g4 38. a4 g3
39. Bxg3 Bxg3 40. a5 Bf4 41. a6 Bc1 42. b3 Bd2 43. Nf2 d5 44. c4 dxc4 45.
bxc4 Be3 46. Nh1 c5 47. d4 exd4 48. Nf2 d3 49. Nh1 d2 50. Nf2 d1=Q+ 51.
Nxd1 h1=Q# { White checkmated } 0-1

[Event "ICC tourney 2500 (45 10)"]
[Site "Internet Chess Club"]
[Date "2021.04.10"]
[Round "5"]
[White "PU, LANDON:landonp"]
[Black "WANG, CHLOE HEATHER:kittycat35"]
[Result "0-1"]
[ICCResult "White resigns"]
[WhiteElo "1480"]
[BlackElo "1697"]
[Opening "Ruy Lopez: closed, Chigorin defense"]
[ECO "C97"]
[NIC "RL.24"]
[Time "21:04:28"]
[PlyCount "90"]
[TimeControl "2700+10"]

1. e4 e5 2. Nf3 Nc6 3. Bb5 a6 4. Ba4 Nf6 5. O-O Be7 6. Re1 b5 7. Bb3 d6 8.
c3 O-O 9. h3 Na5 10. Bc2 c5 11. d4 Qc7 12. Nbd2 Bd7 13. Nf1 Rac8 14. d5 Nc4
15. Ng3 h6 16. Nh2 Rfe8 17. b3 Nb6 18. Nh5 a5 19. Nxf6+ Bxf6 20. Qh5 c4 21.
Re3 Bg5 22. Rg3 Bxc1 23. Rxc1 Kf8 24. Ng4 Bxg4 25. hxg4 f6 26. Rf1 b4 27.
f4 exf4 28. Rxf4 Re5 29. Qh4 cxb3 30. axb3 bxc3 31. Rgf3 Nd7 32. Rf5 Qc5+
33. Kh2 Rxf5 34. Rxf5 Ne5 35. g5 hxg5 36. Qh8+ Kf7 37. Qh5+ Ng6 38. Qxg5
Rh8+ 39. Kg3 Qg1 40. e5 Qe1+ 41. Rf2 Qxf2+ 42. Kxf2 fxg5 43. e6+ Kf6 44.
Ke3 Nf4 45. g3 Nxd5+ { White resigns } 0-1

[Event "ICC tourney 2500 (45 10)"]
[Site "Internet Chess Club"]
[Date "2021.04.10"]
[Round "5"]
[White "PRICE, JOSH JAMES:PvzGuy13"]
[Black "Patel, Arav:APBrain"]
[Result "0-1"]
[ICCResult "White resigns"]
[WhiteElo "1695"]
[BlackElo "1703"]
[Opening "QGD: exchange, positional line, 6.Qc2"]
[ECO "D36"]
[NIC "QO.16"]
[Time "21:04:25"]
[PlyCount "96"]
[TimeControl "2700+10"]

1. d4 d5 2. c4 e6 3. Nc3 Nf6 4. cxd5 exd5 5. Bg5 c6 6. Qc2 h6 7. Bh4 Be7 8.
e3 Be6 9. Nf3 Nbd7 10. Bg3 Nh5 11. Be5 Nxe5 12. dxe5 Qd7 13. h3 g5 14. g4
Ng7 15. O-O-O O-O-O 16. Nd4 Kb8 17. Qa4 Bc5 18. Qb3 Qc7 19. Na4 Bb6 20. Kb1
c5 21. Nb5 Qxe5 22. Nxb6 axb6 23. Qa4 Qe4+ 24. Qxe4 dxe4 25. Be2 f5 26. Nc3
c4 27. gxf5 Nxf5 28. Nxe4 Bd5 29. Rxd5 Rxd5 30. Bxc4 Rdd8 31. Nc3 Nh4 32.
f4 gxf4 33. exf4 Rd4 34. Bb3 Rxf4 35. Nd5 Rf2 36. Nxb6 Re8 37. Nd7+ Kc7 38.
Nc5 Ree2 39. Nd3 Rh2 40. Rc1+ Kb6 41. a3 Rd2 42. Bc4 Nf5 43. Be6 Rxd3 44.
Bxf5 Rdd2 45. Rg1 Rxb2+ 46. Kc1 Ra2 47. Rg6+ Ka5 48. Kb1 Raf2 { White
resigns } 0-1

[Event "ICC tourney 2500 (45 10)"]
[Site "Internet Chess Club"]
[Date "2021.04.10"]
[Round "5"]
[White "BRUDNO, STEPHEN:StevChess01"]
[Black "SLAGLE, JIM:Jim1108"]
[Result "0-1"]
[ICCResult "White resigns"]
[WhiteElo "1661"]
[BlackElo "1695"]
[Opening "King's Indian: Sämisch, orthodox variation"]
[ECO "E85"]
[NIC "KI.43"]
[Time "21:04:35"]
[PlyCount "120"]
[TimeControl "2700+10"]

1. d4 Nf6 2. c4 g6 3. f3 Bg7 4. e4 d6 5. Nc3 O-O 6. Be3 e5 7. Nge2 Nc6 8.
d5 Ne7 9. Qd2 c6 10. O-O-O cxd5 11. cxd5 Bd7 12. Kb1 b5 13. Rc1 b4 14. Nd1
a5 15. Ng3 Ne8 16. Bd3 f5 17. Ne2 f4 18. Bf2 Qb8 19. b3 a4 20. Nb2 axb3 21.
axb3 Nc7 22. Nc4 Nb5 23. Nb6 Qa7 24. Qb2 Na3+ 25. Ka1 Nc4+ 26. Na4 Nxb2 27.
Bxa7 Nxd3 28. Rc7 Bxa4 29. bxa4 Rf7 30. a5 Nc8 31. Rxf7 Kxf7 32. Rd1 Rxa7
33. Rxd3 Rxa5+ 34. Kb2 Ke8 35. Rb3 Rb5 36. Nc1 Bf6 37. Nd3 Bd8 38. Nxb4 Ba5
39. Nc6 Rxb3+ 40. Kxb3 Bb6 41. Kb4 Bc5+ 42. Kc4 Kd7 43. Kb5 Na7+ 44. Nxa7
Bxa7 45. Ka6 Bg1 46. h3 Kc7 47. Kb5 Bf2 48. Ka6 h5 49. Kb5 Kb7 50. Ka5 Kc7
51. Ka6 Kd7 52. Kb5 Ke7 53. Kc6 Bc5 54. Kc7 Kf6 55. Kd7 Kg5 56. Ke6 Kh4 57.
Kf6 Kg3 58. Kxg6 Kxg2 59. Kxh5 Kxh3 60. Kg5 Kg3 { White resigns } 0-1

[Event "ICC tourney 2500 (45 10)"]
[Site "Internet Chess Club"]
[Date "2021.04.10"]
[Round "5"]
[White "NGUYEN, THOMAS:tn285"]
[Black "MOSS, MARVIN:mmoss2932"]
[Result "0-1"]
[ICCResult "White resigns"]
[WhiteElo "1582"]
[BlackElo "1688"]
[Opening "French: classical variation"]
[ECO "C14"]
[NIC "FR.06"]
[Time "21:05:01"]
[PlyCount "136"]
[TimeControl "2700+10"]

1. e4 e6 2. d4 d5 3. Nc3 Nf6 4. Bg5 Be7 5. e5 Nfd7 6. Bxe7 Qxe7 7. Nf3 a6
8. Be2 c5 9. O-O Nc6 10. dxc5 Ndxe5 11. Nxe5 Nxe5 12. b4 O-O 13. f4 Nc6 14.
a3 Qf6 15. Qd2 Qd4+ 16. Qxd4 Nxd4 17. Bd3 Bd7 18. Ne2 Nxe2+ 19. Bxe2 Bc6
20. c3 Rad8 21. Rad1 f6 22. Bg4 Rfe8 23. Rfe1 e5 24. fxe5 fxe5 25. Re3 e4
26. Kf2 Rf8+ 27. Kg3 Rfe8 28. Kf2 g6 29. Ree1 Kg7 30. Ke3 Rf8 31. Re2 h5
32. Bh3 g5 33. g3 Rf3+ 34. Kd4 Rdf8 35. Bg2 Rf2 36. Ke3 Rxe2+ 37. Kxe2 g4
38. Ke3 Rf5 39. Rf1 Kf6 40. Rf4 Ke5 41. Rxf5+ Kxf5 42. Bf1 Ke5 43. Bg2 Bb5
44. h3 Bc4 45. h4 Bb5 46. Bh1 Bf1 47. Kf2 Bc4 48. Ke3 Bb3 49. Bg2 Bd1 50.
Bf1 Bf3 51. a4 Bd1 52. c6 bxc6 53. Bxa6 Bxa4 54. Bc8 Kd6 55. Bf5 c5 56. Bg6
cxb4 57. cxb4 Ke5 58. Bxh5 d4+ 59. Kd2 Kf5 60. Bf7 Bb5 61. Bg8 e3+ 62. Ke1
d3 63. Bb3 d2+ 64. Kd1 Ke4 65. h5 Kf3 66. h6 Be2+ 67. Kc2 d1=Q+ 68. Kb2
Qd4+ { White resigns } 0-1